cohdb
Replays
Latest Replays
All Replays
Popular Replays
Top Player Replays
Match Explorer
How It Works
Community
CoH3 Stats
Reddit
Sign in to upload your games and track your stats! →
Sign in with Steam
Match 41801904
Unlisted
Match 41801904
Overview
Messages
Build Orders
End
Kettenkrad Recon Vehicle
Construct Infanterie Kompanie
Grenadier Squad
Grenadier Squad
MG 42 Machine Gun Team
Medical Bunker
Construct Luftwaffe Kompanie
Flak 30 Anti-aircraft Gun Team
Sniper
Jäger Squad
Selects Mechanized Battlegroup
Selects Raid Package
Selects 8 Rad Armored Car
8 Rad Armored Car
GIRTHWORM
Agua de Jamaica
0
0
Comments
sign in to comment!
No comments posted yet!